 Dungeon Crawl Stone Soup version 0.26-a0-812-g31a745ddcd (webtiles) character file.

Game seed: 6951436852964349991

1153 kae the Ruffian (level 8, -1/66 HPs)
             Began as a Yellow Draconian Transmuter on Nov 24, 2020.
             Was an Initiate of Wu Jian.
             Slain by a bullfrog (7 damage)
             ... on level 6 of the Dungeon.
             The game lasted 00:04:11 (7447 turns).

kae the Ruffian (Yellow Draconian Transmuter)       Turns: 7447, Time: 00:04:11

Health: -1/66      AC:  9    Str: 16    XL:     8   Next: 16%
Magic:  13/13      EV: 13    Int: 13    God:    Wu Jian [......]
Gold:   323        SH:  0    Dex: 11    Spells: 10/14 levels left

rFire    + . .     SeeInvis .     - Unarmed
rCold    . . .     Faith    .   (no shield)
rNeg     . . .     Spirit   .   (armour unavailable)
rPois    .         Reflect  .   (helmet restricted)
rElec    .         Harm     .   r - +2 cloak
rCorr    +         Rampage  .   (no gloves)
MR       .....                  (no boots)
Stlth    +.........             (no amulet)
HPRegen  0.21/turn              b - ring of protection from cold
MPRegen  0.13/turn              e - ring of fire

@: short of breath
A: spit acid, unfitting armour, cold-blooded, acid resistance, AC +6
a: Breathe Acid, Renounce Religion


You were on level 6 of the Dungeon.
You worshipped Wu Jian.
Wu Jian was noncommittal.
You visited 2 branches of the dungeon, and saw 7 of its levels.

You collected 323 gold pieces.

Inventory:

Armour
 r - a +2 cloak (worn)
Jewellery
 a - an uncursed amulet of faith
 b - a ring of protection from cold (left hand)
 e - a ring of fire (right hand)
Wands
 s - a wand of paralysis (11)
 x - a wand of iceblast (5)
Scrolls
 d - a scroll of blinking
 g - 3 scrolls of teleportation
 h - 4 scrolls of magic mapping
 i - a scroll of enchant weapon
 n - 3 scrolls of identify
 t - 2 scrolls of fog {unknown}
 u - a scroll of amnesia {unknown}
 w - a scroll of remove curse
Potions
 c - a potion of curing
 f - 2 potions of magic
 j - a potion of might {unknown}
 k - a potion of resistance {unknown}
 m - a potion of heal wounds {unknown}
 o - a potion of brilliance {unknown}
 p - a potion of haste {unknown}
 q - a potion of mutation {unknown}
 v - a potion of flight {unknown}


   Skills:
 + Level 3.6 Fighting
 + Level 3.4 Dodging
 * Level 5.6 Unarmed Combat
 + Level 3.6 Spellcasting
 * Level 5.3 Transmutations
 - Level 3.0 Poison Magic


You had 10 spell levels left.
You knew the following spells:

 Your Spells              Type           Power        Failure   Level
a - Beastly Appendage     Tmut           ###...       2%          1
b - Spider Form           Tmut/Pois      ##........   12%         3

Your spell library contained the following spells:

 Spells                   Type           Power        Failure   Level
 Wereblood                Tmut           ###.....     3%          2
 Blade Hands              Tmut           ###.......   56%         5
 Ice Form                 Ice/Tmut       #.......     58%         4


Dungeon Overview and Level Annotations

Branches:
Dungeon (6/15)             Temple (1/1) D:5

Altars:
Ashenzari
Cheibriados
Dithmenos
Elyvilon
Fedhas
Gozag
Hepliaklqana
Kikubaaqudgha
Makhleb
Nemelex Xobeh
Qazlal
Ru
Sif Muna
Trog
Uskayaw
Vehumet
Wu Jian
Xom
Yredelemnul
Zin
The Shining One

Annotations:
D:4 exclusion: upstairs


Innate Abilities, Weirdness & Mutations

You can spit globs of acid.
Your golden yellow scales are hard. (AC +6)
You cannot fit into any form of body armour.
You are cold-blooded and may be slowed by cold attacks.
You are resistant to acid. (rCorr)


Message History

The bullfrog barely misses you.
Press: ? - help, Shift-Dir - straight line, f - bullfrog
Aim: a bullfrog You spit a glob of acid.
The glob of acid hits the bullfrog!
The bullfrog is splashed with acid.
The acid corrodes the bullfrog!
The bullfrog is severely wounded.
The acid splashes onto the orc!
The orc is splashed with acid!
You kill the orc!
The Council accepts your kill. The bullfrog hits you.
* * * LOW HITPOINT WARNING * * *
You barely miss the bullfrog.
The bullfrog is severely wounded.
The bullfrog hits you.
* * * LOW HITPOINT WARNING * * *
The bullfrog hits you but does no damage.
You barely miss the bullfrog.
The bullfrog is severely wounded.
The bullfrog hits you!
You die...

#..#...####...###..#
#....... #...........###
##.## ##.......
##....#####.# #..#
###....#... ##...## #.#
#.###...#...#.. ..#.##
#.# #........#.....
....# ##.#
#...##...##.... ....#
###..## ##...........##.
....####.....#
###oo...####...###
#............###@Fo#..##
##..###
<........##......####.#
##..##
..................# #.##
#....
....####...........##..#
##.### .....
###....###....#.### #..#
.#... ##...#
###......###.## ..#..
#...# ##.##......# #...
#..## #..###......# ##.
#.## #....#....


You could see a bullfrog (corroded) and 3 orcs.

Vanquished Creatures
  Grinder (D:4)
  Edmund (D:5)
  An orc warrior (D:6)
  A sky beast (D:6)
  A centaur (D:6)
  A scorpion (D:5)
  A howler monkey (D:5)
  An orc priest (D:4)
  A bullfrog skeleton (D:6)
  Crazy Yiuf (D:4)
  A hound (D:4)
  An iguana (D:4)
  2 worker ants (D:4)
  Robin (D:2)
  9 adders
  3 gnolls (D:5)
  2 shadow imps (D:5)
  2 white imps
  An ufetubus (D:6)
  9 worms
  A dart slug (D:3)
  5 leopard geckos
  2 orcs (D:6)
  3 bats
  5 giant cockroaches
  18 goblins
  9 hobgoblins
  9 jackals
  4 quokkas
  A ball python (D:5)
  7 frilled lizards
  A jackal skeleton (D:5)
  6 kobolds
  A leopard gecko skeleton (D:4)
  A quokka skeleton (D:4)
  15 rats
129 creatures vanquished.

Notes
Turn   | Place    | Note
-------+----------+-------------------------------------------
     0 | D:1      | kae the Draconian Transmuter began the quest for the Orb.
     0 | D:1      | Reached XP level 1. HP: 16/16 MP: 3/3
   325 | D:1      | Reached XP level 2. HP: 18/23 MP: 3/5
  1229 | D:2      | Reached XP level 3. HP: 28/28 MP: 4/6
  1455 | D:2      | Noticed Robin
  1680 | D:1      | Learned a level 3 spell: Spider Form
  1692 | D:2      | Killed Robin
  1923 | D:2      | Reached XP level 4. HP: 32/36 MP: 4/7
  3314 | D:3      | Found a hide-covered altar of Uskayaw.
  3591 | D:3      | Found a glowing silver altar of Zin.
  3738 | D:3      | Found an ancient bone altar of Kikubaaqudgha.
  3791 | D:3      | Found a blossoming altar of Fedhas.
  3832 | D:3      | Reached XP level 5. HP: 37/41 MP: 6/8
  4311 | D:4      | Reached skill level 1 in Poison Magic
  4404 | D:4      | Found a stormy altar of Qazlal.
  4405 | D:4      | Found a hazy altar of Hepliaklqana.
  4528 | D:4      | Noticed Grinder
  4530 | D:4      | Paralysed by Grinder for 4 turns
  4549 | D:4      | Killed Grinder
  4549 | D:4      | Reached XP level 6. HP: 30/50 MP: 7/10
  4855 | D:4      | Found a sacrificial altar of Ru.
  5070 | D:4      | Found a runed translucent door.
  5071 | D:4      | Noticed Crazy Yiuf
  5325 | D:4      | Your scales start taking on a golden yellow colour.
  5325 | D:4      | Reached XP level 7. HP: 45/56 MP: 7/11
  5325 | D:4      | Gained mutation: You are resistant to acid. (rCorr) [Yellow
                  | Draconian growth]
  5775 | D:4      | Killed Crazy Yiuf
  5845 | D:5      | Entered Level 5 of the Dungeon
  5982 | D:5      | Found a staircase to the Ecumenical Temple.
  5999 | D:5      | Reached skill level 5 in Unarmed Combat
  6004 | Temple   | Entered the Ecumenical Temple
  6278 | Temple   | Became a worshipper of the Wu Jian Council
  6342 | D:5      | Noticed Edmund
  6358 | D:5      | Killed Edmund
  6937 | D:6      | Reached skill level 5 in Transmutations
  6986 | D:6      | Reached XP level 8. HP: 40/63 MP: 11/13
  7447 | D:6      | Slain by a bullfrog

Illustrated notes

Levels and vault maps discovered:
D:1:      matt_arrival_los_fun, layout_basic
D:2:      layout_loops_cross, uniq_robin
D:3:      layout_basic, nicolae_overflow_hidden_temple,
          eat_drink_and_be_merry_uskayaw, serial_glass, glass_columns_a,
          glass_columns_a, fedhas_altar_fruit_tree
D:4:      minmay_angry_zag, layout_loops_cross, gammafunk_temple_overflow_pools,
          lemuel_crystal_altar, uniq_crazy_yiuf_cottage, uniq_grinder
D:5:      layout_rooms, minmay_temple_entry_trees, uniq_edmund
D:6:      layout_layer_cave, okawaru_trees_2, uniq_pikel
Temple:   regret_index_temple_generic_petals

Skill      XL: |  1  2  3  4  5  6  7 |
---------------+----------------------+-----
Dodging        | 2 3 |  3.4
Transmutations | 3 4 5 |  5.3
Fighting       | 2 3 |  3.6
Unarmed Combat | 4 5 |  5.6
Poison Magic   | 2 3 |  3.0
Spellcasting   | 3 |  3.6

Action                   |  1- 3 |  4- 6 |  7- 9 || total
-------------------------+-------+-------+-------++-------
Melee: Unarmed           |   129 |   177 |   107 ||   413
       Kick              |    17 |    13 |       ||    30
       Tailslap          |     6 |    10 |     2 ||    18
       Headbutt          |     5 |     8 |       ||    13
       Punch             |       |     1 |       ||     1
 Cast: Beastly Appendage |    19 |    21 |       ||    40
       Spider Form       |     2 |    11 |    19 ||    32
Invok: Lunge             |       |       |     5 ||     5
 Abil: Breathe Acid      |       |       |     1 ||     1
  Use: Scroll            |     2 |     6 |     4 ||    12
       Potion            |       |       |     1 ||     1
 Stab: Sleeping          |       |     1 |     1 ||     2
Armor: Skin              |    34 |    40 |    13 ||    87
Dodge: Dodged            |   103 |   113 |    86 ||   302

Table legend: (Time is in decaauts)
 A = Elapsed time spent in this place.
 B = Non-inter-level travel time spent in this place.
 C = Inter-level travel time spent in this place.
 D = Time resting spent in this place.
 E = Time spent auto-exploring this place.
 F = Levels seen in this place.
 G = Mean time per level.
                   A        B        C        D        E       F      G
               +--------+--------+--------+--------+--------+-----+--------+
         Total |   7432 |   7229 |    203 |    570 |   5629 |   7 | 1061.7 |
       Dungeon |   7126 |   6969 |    157 |    570 |   5371 |   6 | 1187.7 |
        Temple |    305 |    259 |     46 |      0 |    258 |   1 |  305.0 |
               +--------+--------+--------+--------+--------+-----+--------+

Top non-repeatable levels by time:
     D:1: 1559 daAuts
     D:4: 1541 daAuts
     D:3: 1383 daAuts
     D:2: 1354 daAuts
     D:6: 697 daAuts
     D:5: 590 daAuts
  Temple: 305 daAuts
